 Dungeon Crawl Stone Soup version 0.26.0-10-g1f06aea511 (webtiles) character file.

Game seed: 13748937968601355669

32 Borgoz the Slasher (level 3, -3/30 HPs)
             Began as a Ghoul Gladiator on Jan 18, 2021.
             Slain by a worm (8 damage)
             ... on level 2 of the Dungeon.
             The game lasted 00:01:20 (1574 turns).

Borgoz the Slasher (Ghoul Gladiator)                Turns: 1574, Time: 00:01:20

Health: -3/30      AC:  9    Str: 17    XL:     3   Next: 25%
Magic:  2/2        EV:  7    Int:  3    God:
Gold:   33         SH:  0    Dex: 11    Spells: 2/2 levels left

rFire    + . .     SeeInvis .   a - +0 long sword
rCold    + . .     Faith    .   (no shield)
rNeg     + + +     Spirit   .   l - +0 chain mail {Will+}
rPois    ∞         Reflect  .   c - +0 helmet
rElec    .         Harm     .   (no cloak)
rCorr    .         Rampage  .   (no gloves)
Will     +....                  (no boots)
Stlth    ..........             (no amulet)
HPRegen  0.00/turn              m - ring of protection from fire
MPRegen  0.08/turn              (no ring)

@: no status effects
A: claws 1, cold resistance 1, negative energy resistance 3, inhibited
regeneration, torment resistance, unbreathing
a: no special abilities


You were on level 2 of the Dungeon.
You visited 1 branch of the dungeon, and saw 2 of its levels.

You collected 33 gold pieces.

Inventory:

Hand Weapons
 a - a +0 long sword (weapon)
Missiles
 d - a throwing net (quivered)
Armour
 c - a +0 helmet (worn)
 l - a +0 chain mail of willpower (worn)
Jewellery
 m - a ring of protection from fire (left claw)
Scrolls
 g - 2 scrolls of identify {unknown}
 h - a scroll of fear {unknown}
 j - a scroll of amnesia {unknown}
Potions
 b - a potion of flight {unknown}
 e - 4 potions of brilliance {unknown}
 f - 2 potions of heal wounds {unknown}
 i - 3 potions of curing {unknown}
 k - a potion of resistance {unknown}


   Skills:
 + Level 2.5 Fighting
 * Level 3.1 Long Blades
 - Level 1.7 Throwing
 * Level 1.2 Armour
 + Level 2.9 Dodging


You had 2 spell levels left.
You didn't know any spells.
Your spell library was empty.

Dungeon Overview and Level Annotations

Branches:
Dungeon (2/15)

Altars:
Trog


Innate Abilities, Weirdness & Mutations

You thrive by killing the living.
You are immune to poison.
You have sharp fingernails.
Your flesh is cold resistant. (rC+)
You are immune to negative energy. (rN+++)
You do not regenerate when monsters are visible.
You are immune to unholy pain and torment.
You can survive without breathing.


Message History

The worm bites you.
* * * LOW HITPOINT WARNING * * *
You barely miss the worm.
The worm is moderately wounded.
The worm looks more energetic.
You hit the worm but do no damage.
The worm is moderately wounded.
The worm barely misses you.
Throw: 3 throwing nets
Press: ? - help, Q - select action Shift-Dir - straight line, f - worm
Aim: a worm (moderately wounded)
You throw a throwing net.
The throwing net barely misses the worm.
Throw: 2 throwing nets
Press: ? - help, Q - select action Shift-Dir - straight line, f/p - worm
Aim: a worm (moderately wounded)
You throw a throwing net.
The throwing net barely misses the worm.
The worm bites you!
You die...

#.# #.........# #.#
#########.# #.# #.#
############|# #.#
..........##.# #)#
.............# #.#
.###..[.#.#(.###########.#
[###.##.#.##...........#.#
.........(.....w@........#
.###.##.#.###.##.#####)###
.# #.##.#.# #.##.#
#.######. ## #.##.#.#
#(##.#####........
.###.##<#.#
#.(#........#####.
..##.####.# ##.#..###...#
...#......# #....#.....#
...######## ##...#.#†#.#
...# #)..#.#.#.#


You could see a worm.

Vanquished Creatures
  2 dart slugs (D:1)
  A leopard gecko (D:1)
  2 giant cockroaches (D:2)
  2 goblins (D:1)
  4 hobgoblins
  4 jackals
  A bat (D:1)
  2 frilled lizards (D:1)
  2 kobolds (D:2)
  6 rats
26 creatures vanquished.

Notes
Turn   | Place    | Note
-------+----------+-------------------------------------------
     0 | D:1      | Borgoz the Ghoul Gladiator began the quest for the Orb.
     0 | D:1      | Reached XP level 1. HP: 17/17 MP: 0/0
   198 | D:1      | Reached XP level 2. HP: 24/25 MP: 1/1
   683 | D:1      | Reached skill level 3 in Long Blades
   685 | D:1      | Reached skill level 1 in Armour
  1266 | D:2      | Reached XP level 3. HP: 29/30 MP: 2/2
  1494 | D:2      | Noticed a moth of wrath
  1498 | D:2      | Found a bloodstained altar of Trog.
  1574 | D:2      | Slain by a worm

Illustrated notes

Levels and vault maps discovered:
D:1:      dpeg_arrival_renting, layout_basic, serial_forest,
          infiniplex_forest_corner_1, infiniplex_forest_3_way,
          infiniplex_forest_lined_4_way, infiniplex_forest_straight_2,
          infiniplex_forest_lined_room_2, infiniplex_forest_lined_room_,
          infiniplex_forest_lined_room_
D:2:      layout_basic, tgw_trog, old_standard_altar, kennysheep_doodads,
          fedhas_altar_1

Skill      XL: |  1  2 |
---------------+-------+-----
Long Blades    | 3 |  3.1
Armour         | 1 |  1.2
Fighting       | |  2.5
Throwing       | |  1.7
Dodging        | |  2.9

Action                   || total
-------------------------++-------
Melee: Long sword        ||    82
Throw: Throwing net      ||     2
Armor: Leather armour    ||    15
       Chain mail        ||     6
Dodge: Dodged            ||    56
       Rpst.: Long sword ||    16
